[Event "*** Titled Tuesday 3|2 Blitz (Early)"]
[Site "Chess.com"]
[Date "2017.01.03"]
[Round "5"]
[White "poummba"]
[Black "Fablibi"]
[Result "0-1"]
[WhiteElo "2414"]
[BlackElo "2492"]
[TimeControl "180+2"]
[EndTime "11:59:24 PST"]
[Termination "Fablibi won by resignation"]

1. e4 d6 2. d4 Nf6 3. Nc3 e5 4.
Nf3 Nbd7 5. g3 Be7 6. Bg2 O-O 7. O-O a6 8. Re1 b5 9. h3 Bb7 10. g4 b4 11. Nd5 Nxd5 12. exd5 Bxd5 13. dxe5 Nb6 14.
Nd4 Bxg2 15. Kxg2 dxe5 16. Nc6 Qd6 17. Qf3 f6 18. Be3 Nd5 19. Nxe7+ Nxe7 20. Rad1 Qe6 21. Bc5 a5 22. Qb7 Rfc8 23. Re3 Rab8 24. Qe4 Ng6 25.
Kh2 Rb5 26. Rd5 Ne7 0-1

[Event "*** Titled Tuesday 3|2 Blitz (Early)"]
[Site "Chess.com"]
[Date "2017.01.03"]
[Round "5"]
[White "rst2003"]
[Black "Kawhi_Leonard2"]
[Result "1/2-1/2"]
[WhiteElo "2124"]
[BlackElo "2202"]
[TimeControl "180+2"]
[EndTime "11:59:24 PST"]
[Termination "Game drawn by agreement"]

1. e4 c5 2. Nc3 Nc6 3. Bb5 Nd4 4.
Nf3 Nxb5 5. Nxb5 d5 6. exd5 a6 7. Nc3 Nf6 8. O-O Nxd5 9. Nxd5 Qxd5 10. d4 e6 11. dxc5 Qxd1 12. Rxd1 Bxc5 13. b3 f6 14. a4 Bd7 15. Ba3 Bxa3 16. Rxa3 Rc8 17. c4 e5 18. Raa1 a5 19. Rd5 b6 20. Rd6 Rb8 21.
Rad1 Rb7 22. Nd2 Ke7 23. Ne4 Bf5 24. Nc3 Bc2 25. R1d2 Bxb3 26. Rxb6 Rxb6 27. Nd5+ Kd6 28. Nxb6+ Kc5 29. Rd5+ Kxb6 30. Rb5+ Kc6 31. Rxb3 Rd8 32. Kf1 Rd4 33. Rb5 Rxc4 34. Rxa5 1/2-1/2

[Event "*** Titled Tuesday 3|2 Blitz (Early)"]
[Site "Chess.com"]
[Date "2017.01.03"]
[Round "5"]
[White "Canonkasparov"]
[Black "stefanodinn"]
[Result "1-0"]
[WhiteElo "2319"]
[BlackElo "2216"]
[TimeControl "180+2"]
[EndTime "11:59:24 PST"]
[Termination "Canonkasparov won on time"]

1. d4 Nf6 2. Nf3 c5 3. c3 d5 4. Bf4 e6 5. e3 Nc6 6. Nbd2 Bd6 7. Bg3 O-O 8. Bd3 b6 9. Ne5 Bb7 10. f4 Ne7 11. Bh4 Ng6 12. Bf2 Ne4 13. O-O Qe7 14. Qe2 f6 15. Nxg6 hxg6 16. Bh4 Rae8 17. Rae1 g5 18.
fxg5 fxg5 19. Bf2 Qc7 20. g3 Nxf2 21. Rxf2 Rxf2 22. Qxf2 Rf8 23. Qg2 e5 24. Bg6 Qe7 25. Qh3 Rf6 26. Qh7+ 1-0

[Event "*** Titled Tuesday 3|2 Blitz (Early)"]
[Site "Chess.com"]
[Date "2017.01.03"]
[Round "5"]
[White "FearlessKing64"]
[Black "HK1974"]
[Result "1-0"]
[WhiteElo "2082"]
[BlackElo "2173"]
[TimeControl "180+2"]
[EndTime "11:59:35 PST"]
[Termination "FearlessKing64 won on time"]

1. e4 c5 2. Nf3 e6 3. c4 Nc6 4. Nc3 Nf6 5. Be2 d5 6. exd5 exd5 7. d4 dxc4 8. d5 Nb4 9. Bxc4 Bf5 10. O-O Bd6 11. Qe2+ Kf8 12. Bg5 h6 13. Bh4 a6 14. a3 Nc2 15. Rad1 Qb6 16. Rd2 Nd4 17.
Nxd4 cxd4 18. Bxf6 gxf6 19. Ne4 Re8 20. f3 Bxe4 21.
fxe4 d3+ 22. Qf2 Bc5 23. Rxd3 1-0

[Event "*** Titled Tuesday 3|2 Blitz (Early)"]
[Site "Chess.com"]
[Date "2017.01.03"]
[Round "5"]
[White "jup1978"]
[Black "ajkom197"]
[Result "0-1"]
[WhiteElo "2240"]
[BlackElo "2307"]
[TimeControl "180+2"]
[EndTime "11:59:41 PST"]
[Termination "ajkom197 won by resignation"]

1. e4 c6 2. d4 d5 3. Nd2 dxe4 4.
Nxe4 Nd7 5. Bc4 Ngf6 6. Ng5 e6 7.
Qe2 Nb6 8. Bb3 h6 9. N5f3 Bd6 10. Ne5 Qc7 11. Ngf3 c5 12. Be3 cxd4 13. Bxd4 O-O 14. O-O-O Nbd5 15. g3 b6 16. Kb1 a5 17. c4 a4 18. Bc2 Nb4 19. Rhe1 Nxc2 20. Qxc2 Bb7 21. h4 Rfd8 22. Rc1 Bb4 23. Bc3 Bxc3 24. Qxc3 Qc5 25. Qe3 Rac8 26. Qxc5 Rxc5 27. b3 axb3 28. axb3 Bxf3 29. Nxf3 Rd3 30. Re3 Rxe3 31. fxe3 b5 32. cxb5 Rxb5 33. Kb2 Kf8 34. Ka3 Rb7 35. Nd4 Ke7 36.
b4 Nd5 37. b5 Nxe3 38. Rb1 g5 39. hxg5 hxg5 40. Kb4 Kd6 41. Ka5 Nd5 42. Ka6 Rb6+ 43.
Ka5 Rb8 44. b6 Ra8+ 45. Kb5 Nc3+ 0-1

[Event "*** Titled Tuesday 3|2 Blitz (Early)"]
[Site "Chess.com"]
[Date "2017.01.03"]
[Round "5"]
[White "Ilja_Semjonovs"]
[Black "cassoulet"]
[Result "1-0"]
[WhiteElo "2168"]
[BlackElo "2303"]
[TimeControl "180+2"]
[EndTime "11:59:54 PST"]
[Termination "Ilja_Semjonovs won by resignation"]

1. d4 d5 2. Nf3 e6 3. Bg5 Nf6 4. e3 Be7 5. Ne5 O-O 6. Nd2 Nbd7 7.
f4 Nxe5 8. fxe5 Nd7 9. Bxe7 Qxe7 10.
Bd3 Qh4+ 11. g3 Qh6 12. Qe2 c5 13. c3 cxd4 14. exd4 Nb6 15. O-O Bd7 16. Rf4 g6 17. Raf1 Rac8 18. Rh4 Qg7 19. Nf3 h6 20. Qe3 g5 21. Nxg5 Qxg5 22. Qe2 f5 23. exf6 e5 24. dxe5 Rce8 25. Rh5 Qg4 26. Qxg4+ Bxg4 27. Rxh6 Be6 28. Rg6+ Kh8 29. Rf4 Rf7 30. Rg5 1-0

[Event "*** Titled Tuesday 3|2 Blitz (Early)"]
[Site "Chess.com"]
[Date "2017.01.03"]
[Round "5"]
[White "yian123"]
[Black "GMNeiksans"]
[Result "0-1"]
[WhiteElo "2376"]
[BlackElo "2640"]
[TimeControl "180+2"]
[EndTime "11:59:56 PST"]
[Termination "GMNeiksans won by resignation"]

1. e4 c5 2. Nf3 e6 3. d4 cxd4 4.
Nxd4 Nc6 5. Nc3 Qc7 6. Be3 a6 7. Nxc6 dxc6 8. a4 Nf6 9. Qd4 e5 10. Qb6 Qxb6 11. Bxb6 Nd7 12. Be3 a5 13. Bc4 Bc5 14.
Ke2 Bxe3 15. Kxe3 Nc5 16. Rhd1 Ke7 17. Ne2 f5 18. exf5 Bxf5 19. Rdc1 Rad8 20. Ng3 Bg6 21. b3 Rd7 22. Be2 Rd4 23. Bf3 Rhd8 24. Nf1 h5 25. Ra2 Na6 26. Ke2 e4 27. c3 exf3+ 28. gxf3 R4d6 0-1

[Event "*** Titled Tuesday 3|2 Blitz (Early)"]
[Site "Chess.com"]
[Date "2017.01.03"]
[Round "5"]
[White "bivark"]
[Black "FairChess_on_YouTube"]
[Result "0-1"]
[WhiteElo "2362"]
[BlackElo "2769"]
[TimeControl "180+2"]
[EndTime "12:00:02 PST"]
[Termination "FairChess_on_YouTube won on time"]

1. e4 c5 2. Nf3 e6 3. d4 cxd4 4.
Nxd4 a6 5. Bd3 Bc5 6. Nb3 Ba7 7. O-O Qh4 8. Qe2 Nf6 9. h3 Nh5 10. Qg4 Qxg4 11. hxg4 Nf6 12. g5 Ng4 13. Be2 h5 14. gxh6 Nxh6 15. c4 Nc6 16. Nc3 f6 17. Bf4 g5 18.
Bg3 f5 19. exf5 Nxf5 20. Ne4 Nxg3 21. Nxg3 Ke7 22. Rac1 d6 23. Ne4 Bd7 24. Rfd1 Rh4 25.
Ng3 Rf8 26. c5 d5 27. Nd2 g4 28. a3 Ne5 29. b4 Ng6 30. Ndf1 Nf4 31. Bd3 Ba4 32.
Rd2 Bb8 33. Bc2 Bb5 34. Re1 Kd8 35. a4 Bxf1 36. Kxf1 Rfh8 37. Kg1 Rh2 38. Be4 Kc8 39. f3 dxe4 40. Rxe4 gxf3 0-1

[Event "*** Titled Tuesday 3|2 Blitz (Early)"]
[Site "Chess.com"]
[Date "2017.01.03"]
[Round "5"]
[White "Vrolijk"]
[Black "bugsbunny444"]
[Result "1-0"]
[WhiteElo "2266"]
[BlackElo "2349"]
[TimeControl "180+2"]
[EndTime "12:00:07 PST"]
[Termination "Vrolijk won by resignation"]

1. d4 e6 2. e4 d5 3. Nc3 Nf6 4. e5 Nfd7 5. f4 c5 6. Nf3 Nc6 7. Be3 cxd4 8. Nxd4 Bc5 9. Qd2 O-O 10.
O-O-O a6 11. Qf2 Qe7 12. Bd3 f6 13. exf6 Nxf6 14. Nxc6 Bxe3+ 15. Qxe3 bxc6 16. Rhe1 Rb8 17. a3 Qd6 18. g3 c5 19. Qe5 Qb6 20. Na4 Qa7 21. Nxc5 Ng4 22. Qd4 Qf7 23. Re2 a5 24. Rde1 Qh5 25. Nxe6 Bxe6 26. Rxe6 Nxh2 27. R6e5 Qf7 28.
Rh1 Nf3 29. Bxh7+ Kh8 30. Bg6+ 1-0

[Event "*** Titled Tuesday 3|2 Blitz (Early)"]
[Site "Chess.com"]
[Date "2017.01.03"]
[Round "5"]
[White "rubhani"]
[Black "Dr-Bassem"]
[Result "0-1"]
[WhiteElo "2409"]
[BlackElo "2654"]
[TimeControl "180+2"]
[EndTime "12:00:13 PST"]
[Termination "Dr-Bassem won by resignation"]

1. e4 e5 2. Nf3 Nc6 3. Bb5 a6 4.
Ba4 Nf6 5. d3 d6 6. c3 g6 7. O-O Bg7 8. Re1 O-O 9. Nbd2 Bd7 10.
Nf1 Qe8 11. Ng3 h6 12. h3 Kh8 13. Bc2 Nh7 14. d4 f5 15. dxe5 f4 16. Ne2 dxe5 17.
Bb3 g5 18. Kf1 Rd8 19. Qc2 h5 20. Bd5 g4 21. Nfg1 Qg6 22. h4 Qf6 23. b4 Qxh4 24. a4 Ng5 25. b5 axb5 26. axb5 Ne7 27. Ba3 Nxd5 28. Bxf8 Ne3+ 29. fxe3 Rxf8 30. exf4 exf4 31. Rad1 Bxb5 32. c4 f3 33. cxb5 fxg2+ 0-1

[Event "*** Titled Tuesday 3|2 Blitz (Early)"]
[Site "Chess.com"]
[Date "2017.01.03"]
[Round "5"]
[White "Krutoy123"]
[Black "Gabrielian_Artur"]
[Result "1-0"]
[WhiteElo "2479"]
[BlackElo "2666"]
[TimeControl "180+2"]
[EndTime "12:00:27 PST"]
[Termination "Krutoy123 won by resignation"]

1. Nf3 Nf6 2. g3 g6 3. Bg2 Bg7 4. O-O O-O 5. d3 d6 6. c4 e5 7. Nc3 Nc6 8. a3 a5 9. Rb1 Re8 10. Bg5 h6 11. Bxf6 Bxf6 12. Nd2 Bg7 13. c5 Nd4 14. cxd6 cxd6 15. e3 Ne6 16. Rc1 Nc5 17.
Nc4 a4 18. Nb5 Bf8 19. d4 Nb3 20. Rc3 exd4 21. exd4 Qd7 22. Nb6 Qxb5 23. Nxa8 Qa5 24. Nc7 Rd8 25. Re1 Bg7 26. Re8+ Rxe8 27. Nxe8 Be6 28.
Nxg7 Kxg7 29. Bxb7 Bd5 30. Bxd5 Qxd5 31. Qd3 Nxd4 32. Qd1 Qe5 33. Re3 Qf6 34. Qxa4 Nf5 35. Rc3 d5 36. Qd1 d4 37. Rd3 h5 38. b4 Qe5 39. a4 Qe4 40. a5 g5 41. a6 g4 42.
a7 h4 43. Ra3 1-0

[Event "*** Titled Tuesday 3|2 Blitz (Early)"]
[Site "Chess.com"]
[Date "2017.01.03"]
[Round "5"]
[White "Fibrinogen"]
[Black "amurdercastle"]
[Result "0-1"]
[WhiteElo "2274"]
[BlackElo "2385"]
[TimeControl "180+2"]
[EndTime "12:00:45 PST"]
[Termination "amurdercastle won by resignation"]

1. e4 c6 2. d4 d5 3. Nd2 dxe4 4.
Nxe4 Bf5 5. Ng3 Bg6 6. h4 h6 7. Nf3 Nd7 8. h5 Bh7 9. Bd3 Bxd3 10. Qxd3 e6 11. Bd2 Ngf6 12. O-O-O Be7 13. Qe2 Qb6 14. Nf1 Qb5 15. Qxb5 cxb5 16. Kb1 Ng4 17. Be1 Nb6 18. Ne3 Nf6 19. Ne5 O-O 20. g4 Nfd5 21.
Nxd5 Nxd5 22. Bd2 Rfd8 23. Rdg1 f6 24. Nd3 Nb6 25. Re1 Kf7 26. Be3 Nc4 27. Nf4 e5 28.
Ng6 Bd6 29. dxe5 Bxe5 30. Bc1 Bd6 31. b3 Ne5 32. Nh4 Bc5 33. f4 Nxg4 34. Nf5 Re8 35. Rd1 Rad8 36. Rxd8 Rxd8 37. Re1 Rd5 38. Ng3 Bf2 0-1

[Event "*** Titled Tuesday 3|2 Blitz (Early)"]
[Site "Chess.com"]
[Date "2017.01.03"]
[Round "5"]
[White "162a54f5d"]
[Black "abubakrtagelsir"]
[Result "1-0"]
[WhiteElo "2387"]
[BlackElo "2299"]
[TimeControl "180+2"]
[EndTime "12:00:49 PST"]
[Termination "162a54f5d won by resignation"]

1. d4 d5 2. c4 c6 3. Nf3 Nf6 4.
e3 Bf5 5. Nc3 e6 6. Nh4 Bg4 7. Qb3 Qb6 8. h3 Bh5 9. g4 Bg6 10. Nxg6 hxg6 11. g5 Nh7 12. f4 Be7 13.
Qc2 Nd7 14. Bd2 Nhf8 15. c5 Qc7 16. Bd3 O-O-O 17. b4 f6 18. gxf6 gxf6 19. Bxg6 e5 20.
O-O-O exd4 21. exd4 Nxg6 22. Qxg6 Rdg8 23. Qf5 Kb8 24.
Rdg1 Ka8 25. Qe6 Re8 26. Rg7 Qd8 27. Qf5 Nb8 28. h4 Bf8 29. Rg6 Be7 30. h5 Na6 31. a3 Nc7 32. Kc2 Reg8 33. Rxg8 Qxg8 34. h6 Qh7 35. Qxh7 Rxh7 36. f5 a6 37. Rg1 Ka7 38.
Rg7 Rxh6 39. Bxh6 1-0

[Event "*** Titled Tuesday 3|2 Blitz (Early)"]
[Site "Chess.com"]
[Date "2017.01.03"]
[Round "5"]
[White "Rating-Schmating"]
[Black "superjem123"]
[Result "0-1"]
[WhiteElo "2280"]
[BlackElo "2463"]
[TimeControl "180+2"]
[EndTime "12:00:58 PST"]
[Termination "superjem123 won by checkmate"]

1. e4 e5 2. Nf3 Nc6 3. d4 exd4 4. Nxd4 Bc5 5. Nxc6 Qf6 6. Qf3 bxc6 7. Bc4 Qxf3 8. gxf3 Ne7 9. Be3 Bxe3 10. fxe3 d5 11. exd5 cxd5 12. Bd3 Be6 13. b3 f6 14. Nc3 c6 15.
Na4 Kf7 16. Nc5 Bh3 17. Kf2 h5 18. Rhg1 h4 19. c4 g5 20. cxd5 cxd5 21. Rac1 Rhc8 22. Ba6 Rc7 23. Nd3 Rd7 24. Nb4 Rb8 25. Nc6 Nxc6 26. Rxc6 d4 27. e4 Re7 28. Rd1 Rd8 29. Bc4+ Be6 30.
Ke2 Bxc4+ 31. Rxc4 Red7 32. Kd3 Ke6 33. Rdc1 Rd6 34.
Rc7 R8d7 35. Rxd7 Rxd7 36. Rc4 Ke5 37. Rc5+ Ke6 38. Rc4 Ke5 39. Rc5+ Ke6 40. h3 Rd6 41. Rc8 Ke5 42. Rg8 Kf4 43. Rg6 Rb6 44. Kxd4 Kxf3 45. Kd5 Kg3 46. e5 Rb5+ 47. Kc4 Rxe5 48. Rxf6 Kxh3 49. Kd4 Re8 50. Rf7 g4 51. Rxa7 g3 52.
Rg7 g2 53. a4 Kh2 54. Kc5 g1=Q+ 55. Rxg1 Kxg1 56. a5 h3 57. a6 h2 58. a7 h1=Q 59.
b4 Qb7 60. a8=Q Qxa8 61. b5 Rb8 62. b6 Qb7 63. Kb5 Qxb6+ 64. Ka4 Qb4# 0-1

[Event "*** Titled Tuesday 3|2 Blitz (Early)"]
[Site "Chess.com"]
[Date "2017.01.03"]
[Round "5"]
[White "danir29"]
[Black "Ginger_GM"]
[Result "1-0"]
[WhiteElo "2459"]
[BlackElo "2447"]
[TimeControl "180+2"]
[EndTime "12:01:10 PST"]
[Termination "danir29 won by resignation"]

1. Nf3 d5 2. e3 Nc6 3. d4 Nf6 4.
c4 e6 5. Nc3 Bb4 6. Qc2 O-O 7. a3 Bxc3+ 8. Qxc3 Ne4 9. Qc2 a5 10.
b3 f5 11. Bd3 Bd7 12. Bb2 Be8 13. O-O Bh5 14. Ne5 Nxe5 15. dxe5 c6 16. Rac1 Kh8 17. f3 Ng5 18. cxd5 Qxd5 19. Bc4 Qc5 20. Bd4 Qe7 21. Rcd1 f4 22. exf4 Rxf4 23. Be3 Rf5 24. Qd2 Raf8 25.
f4 Bxd1 26. Rxd1 Ne4 27. Qd7 Qh4 28. Rf1 g5 29. Bxe6 gxf4 30. Bd4 Rg5 31. Bh3 Qxh3 32.
Qxh3 Nd2 33. e6+ Kg8 34. Rd1 Ne4 35. e7 1-0

[Event "*** Titled Tuesday 3|2 Blitz (Early)"]
[Site "Chess.com"]
[Date "2017.01.03"]
[Round "5"]
[White "FastChance"]
[Black "Malev212"]
[Result "0-1"]
[WhiteElo "2492"]
[BlackElo "2428"]
[TimeControl "180+2"]
[EndTime "12:01:28 PST"]
[Termination "Malev212 won by resignation"]

1. d4 Nf6 2. Bf4 g6 3. e3 Bg7 4.
Nf3 d6 5. h3 O-O 6. Be2 Nc6 7.
c4 Nd7 8. Nc3 e5 9. Bh2 exd4 10.
exd4 Nf6 11. O-O Bf5 12. d5 Nb4 13. Nd4 Bd7 14. a3 Na6 15. b4 Re8 16. Re1 Ne4 17.
Rc1 Nxc3 18. Rxc3 Qf6 19. Rd3 Re7 20. Bf1 Rae8 21. Rxe7 Rxe7 22. Bg3 h6 23. Qd2 Nb8 24. Nb3 Qb2 25. Qxb2 Bxb2 26. c5 Re1 27. cxd6 cxd6 28. Re3 Rd1 29. Bxd6 Bb5 30. Bxb8 Bxf1 31. Kh2 Rxd5 32.
Bxa7 Bc4 33. Na5 Ba6 34. Bb8 Bc1 35. Rc3 Bb2 36. Rc8+ Kg7 37. Re8 Bb5 38. Re3 b6 39.
Nb7 Bc6 40. Nd6 Be5+ 41. Rxe5 Rxe5 42. Nc4 Re2 43. Kg3 b5 44. Ne5 Bd5 45. Nd3 Ra2 46. Be5+ f6 47. Bb2 Bc4 0-1

[Event "*** Titled Tuesday 3|2 Blitz (Early)"]
[Site "Chess.com"]
[Date "2017.01.03"]
[Round "5"]
[White "Izoria123"]
[Black "Buffy7"]
[Result "1-0"]
[WhiteElo "2697"]
[BlackElo "2494"]
[TimeControl "180+2"]
[EndTime "12:01:35 PST"]
[Termination "Izoria123 won by checkmate"]

1. Nf3 d5 2. c4 c6 3. g3 Nf6 4. Bg2 Bf5 5. cxd5 cxd5 6. Qb3 Bc8 7.
O-O Nc6 8. d3 e6 9. e4 Be7 10.
e5 Nd7 11. d4 O-O 12. Nc3 b6 13. Rd1 Na5 14. Qc2 Ba6 15. h4 h6 16. Bf1 Bxf1 17.
Kxf1 Rc8 18. Kg2 Nc4 19. Qd3 b5 20. b3 b4 21. Ne2 Na3 22. Bxa3 bxa3 23. Nf4 Qc7 24.
Rac1 Qb7 25. g4 Rxc1 26. Rxc1 Rc8 27. Rxc8+ Qxc8 28. g5 hxg5 29. hxg5 Qc1 30. Kg3 Nf8 31. g6 Qb2 32. gxf7+ Kxf7 33. Qa6 Qxa2 34. Qxa7 Qxb3 35. Kg4 Qd1 36. Kg3 Qb3 37. Kg2 Qb4 38. Ng5+ Kg8 39.
Ngxe6 Nxe6 40. Nxe6 Kh7 41. Qa8 Qb1 42. Nf4 Qe4+ 43.
Kg3 Bg5 44. Nxd5 a2 45. Nf6+ Kh6 46. Qxe4 a1=Q 47. Qh7# 1-0

[Event "*** Titled Tuesday 3|2 Blitz (Early)"]
[Site "Chess.com"]
[Date "2017.01.03"]
[Round "5"]
[White "ZhuChenChess"]
[Black "Marreuh"]
[Result "1-0"]
[WhiteElo "2325"]
[BlackElo "2086"]
[TimeControl "180+2"]
[EndTime "12:01:36 PST"]
[Termination "ZhuChenChess won by checkmate"]

1. d4 d5 2. c4 e6 3. Nf3 c6 4.
Nc3 dxc4 5. e3 b5 6. a4 Bb4 7. axb5 cxb5 8. Bd2 Bxc3 9. Bxc3 a5 10. b3 Bb7 11.
bxc4 b4 12. Bb2 Nf6 13. Bd3 O-O 14. O-O Nbd7 15. Nd2 Qc7 16. f4 a4 17. e4 a3 18.
Bc1 Qd6 19. d5 Nc5 20. Bc2 e5 21. Qf3 Bc8 22. Nb3 Bg4 23. Qg3 Nxb3 24. Bxb3 exf4 25. Bxf4 Qc5+ 26. Be3 Qc8 27. e5 Ne4 28. Qf4 Nc5 29.
Bxc5 Qxc5+ 30. Kh1 Bh5 31. h3 Bg6 32. d6 Rfe8 33.
Rfd1 Qxe5 34. Qxe5 Rxe5 35. d7 Rd8 36. Ba4 Kf8 37.
Rdc1 Rc5 38. Re1 Bf5 39. Re8+ Rxe8 40. dxe8=Q# 1-0

[Event "*** Titled Tuesday 3|2 Blitz (Early)"]
[Site "Chess.com"]
[Date "2017.01.03"]
[Round "5"]
[White "Spas_Kozhuharov"]
[Black "AlexanderL"]
[Result "1-0"]
[WhiteElo "2489"]
[BlackElo "2565"]
[TimeControl "180+2"]
[EndTime "12:01:44 PST"]
[Termination "Spas_Kozhuharov won by resignation"]

1. d4 e6 2. Nf3 c5 3. e3 d5 4. c4 Nf6 5. Nc3 cxd4 6. exd4 Bb4 7. cxd5 Nxd5 8. Bd2 Nc6 9. Bd3 O-O 10. O-O Nf6 11. Be3 b6 12. Rc1 Bb7 13. Qe2 Be7 14. Rfd1 Nb4 15. Bb1 Rc8 16. Ne5 Nbd5 17. Bd2 Qd6 18.
Qd3 Nxc3 19. bxc3 Be4 20. Qe3 Bxb1 21. Rxb1 Qd5 22. a4 Rfd8 23. Qe2 Ne4 24. Rb5 Qa8 25. Qf3 f6 26. Qh3 fxe5 27. Qxe6+ Kh8 28. Qxe7 exd4 29. Bh6 gxh6 30. Qe5+ Kg8 31. Qe6+ Kg7 32. Qe7+ Kg6 33.
Qe6+ Nf6 34. Rf5 Rf8 35. Rxd4 h5 36. Rd6 1-0

[Event "*** Titled Tuesday 3|2 Blitz (Early)"]
[Site "Chess.com"]
[Date "2017.01.03"]
[Round "5"]
[White "GMMelik"]
[Black "macko06"]
[Result "0-1"]
[WhiteElo "2401"]
[BlackElo "2279"]
[TimeControl "180+2"]
[EndTime "12:01:47 PST"]
[Termination "macko06 won by resignation"]

1. e4 e6 2. d4 d5 3. Nc3 Nf6 4.
Bg5 Be7 5. e5 Nfd7 6. h4 h6 7.
Bxe7 Qxe7 8. Qd2 a6 9. O-O-O c5 10. f4 Nc6 11. Nf3 b5 12. dxc5 Qxc5 13. Ne2 b4 14. Ned4 Nxd4 15. Nxd4 a5 16. Kb1 Ba6 17. h5 Bxf1 18.
Rhxf1 Nb6 19. b3 a4 20. f5 axb3 21. cxb3 exf5 22. Rc1 Qa5 23. Nc6 Qb5 24. Qxb4 Qxb4 25. Nxb4 g6 26. hxg6 fxg6 27. Rc6 Nd7 28. Nxd5 Ra5 29.
Nc7+ Ke7 30. Rxg6 Rxe5 31. Rd1 Nf6 32. Rc1 Kf7 33. Rg3 Ne4 34. Rd3 Rg8 35. Rd7+ Re7 36.
Rxe7+ Kxe7 37. Rc2 Kd6 38. a4 Rb8 39. Nb5+ Kd5 40.
Kb2 Nc5 41. Rd2+ Ke4 42. Rd6 Rg8 43. Rd2 Ke3 44. Rc2 Nd3+ 45. Ka3 Nf4 46. a5 Nxg2 47. a6 f4 48. a7 f3 49. Nc7 f2 50. Rxf2 Kxf2 51. a8=Q Rxa8+ 52. Nxa8 h5 53. b4 h4 54. b5 Ne3 55. Kb4 h3 56. Kc5 h2 57. b6 h1=Q 58. Nc7 Qb7 0-1

[Event "*** Titled Tuesday 3|2 Blitz (Early)"]
[Site "Chess.com"]
[Date "2017.01.03"]
[Round "5"]
[White "davidarenas1224"]
[Black "Rickstereo"]
[Result "1-0"]
[WhiteElo "2222"]
[BlackElo "2161"]
[TimeControl "180+2"]
[EndTime "12:01:58 PST"]
[Termination "davidarenas1224 won on time"]

1. e4 c5 2. Nf3 Nc6 3. Nc3 Nf6 4. d4 cxd4 5. Nxd4 e5 6. Ndb5 d6 7. Bg5 a6 8. Na3 b5 9. Nd5 Be7 10.
Bxf6 Bxf6 11. c4 b4 12. Nc2 a5 13. Be2 O-O 14. O-O Bg5 15. Qd3 Be6 16. b3 Ne7 17.
Nde3 Qc7 18. Rfd1 Rad8 19. Bf3 Kh8 20. Qe2 g6 21. Rd3 f5 22. Rad1 Bxe3 23. Qxe3 fxe4 24.
Bxe4 Rf4 25. f3 Nf5 26. Bxf5 Bxf5 27. Rxd6 Re8 28. Ne1 Qf7 29. Nd3 Bxd3 30. R6xd3 e4 31. Rd7 Qf6 32. R7d6 Qf8 33. Qd4+ Kg8 34. Qd5+ Kh8 35.
Qd4+ Kg8 36. fxe4 Rfxe4 37. Qd5+ Kh8 38. Rf1 Rf4 39. Rxf4 Qxf4 40. Qd2 Qf8 41. h3 1-0

[Event "*** Titled Tuesday 3|2 Blitz (Early)"]
[Site "Chess.com"]
[Date "2017.01.03"]
[Round "5"]
[White "chito89"]
[Black "NewBornNow"]
[Result "1-0"]
[WhiteElo "2520"]
[BlackElo "2563"]
[TimeControl "180+2"]
[EndTime "12:01:59 PST"]
[Termination "chito89 won by resignation"]

1. e4 c5 2. Nc3 d6 3. g3 g6 4. Bg2 Bg7 5. d3 Nc6 6. Be3 Nf6 7. h3 O-O 8. Qd2 Rb8 9. a4 a6 10. Bh6 b5 11. Bxg7 Kxg7 12. axb5 axb5 13. Nge2 b4 14. Nd5 e6 15. Ne3 d5 16. exd5 exd5 17. O-O Nd4 18.
Nxd4 cxd4 19. Ng4 Bxg4 20. hxg4 Nxg4 21. Qf4 Nf6 22. Ra6 Rb6 23. Rfa1 Re8 24. Qxd4 Ree6 25. Ra7 Qd6 26. Ra8 Qe5 27. Qc5 Rb8 28. Rxb8 Qxb8 29. Bf3 b3 30. c3 h5 31. Bxd5 Re5 32. c4 h4 33. Qd4 hxg3 34. f4 Rf5 35. Ra7 Rxf4 36.
Rxf7+ Kh6 37. Qe3 Nh5 38. Bf3 Kg5 39. Bxh5 gxh5 40. c5 h4 41. c6 Kg4 42. Rxf4+ Qxf4 43. Qxf4+ Kxf4 44. c7 h3 45. c8=Q 1-0

[Event "*** Titled Tuesday 3|2 Blitz (Early)"]
[Site "Chess.com"]
[Date "2017.01.03"]
[Round "5"]
[White "QuintilianoR"]
[Black "Th3ChessViking"]
[Result "1-0"]
[WhiteElo "2542"]
[BlackElo "2413"]
[TimeControl "180+2"]
[EndTime "12:02:00 PST"]
[Termination "QuintilianoR won by resignation"]

1. d4 Nf6 2. Nf3 e6 3. c4 c5 4. d5 exd5 5. cxd5 d6 6. Nc3 g6 7.
e4 Bg7 8. h3 a6 9. a4 Nbd7 10.
Bd3 Nh5 11. O-O Ne5 12. Be2 Nxf3+ 13. Bxf3 Qh4 14. Qd2 Be5 15. Qg5 Qxg5 16. Bxg5 Nf4 17. a5 h6 18. Bxf4 Bxf4 19. Na4 Bd7 20. Nb6 Rb8 21.
Rfe1 Bb5 22. Be2 Be5 23. Rab1 Kd8 24. Kf1 Re8 25. f3 Bg3 26. Red1 f5 27. Bd3 Re5 28. Kg1 h5 29. b4 cxb4 30. Bxb5 axb5 31. Rxb4 fxe4 32.
fxe4 Ke7 33. Rc1 Kf7 34. Rc7+ Re7 35. Rc3 Be5 36. Rd3 Kg8 37. Rxb5 Rf8 38. Rb1 Rc7 39.
Rf1 Bh2+ 40. Kxh2 Rxf1 41. e5 dxe5 42. d6 Rcf7 43. d7 Rf8 44. d8=Q Rxd8 45. Rxd8+ Rf8 46. Rxf8+ Kxf8 47. Nd7+ Ke7 48. Nxe5 g5 49. Nf3 g4 50. hxg4 hxg4 51. Ne5 Ke6 52. Nxg4 Kd5 53. g3 1-0

[Event "*** Titled Tuesday 3|2 Blitz (Early)"]
[Site "Chess.com"]
[Date "2017.01.03"]
[Round "5"]
[White "sandropozo"]
[Black "mwpchess"]
[Result "1-0"]
[WhiteElo "2422"]
[BlackElo "2439"]
[TimeControl "180+2"]
[EndTime "12:02:14 PST"]
[Termination "sandropozo won by resignation"]

1. d4 Nf6 2. Nf3 d5 3. c4 e6 4. Nc3 dxc4 5. g3 Nbd7 6. Bg2 Nb6 7. O-O c5 8. a4 cxd4 9. Qxd4 Qxd4 10. Nxd4 a6 11. e4 e5 12. Nc2 Be6 13. f4 Bc5+ 14. Be3 Bxe3+ 15. Nxe3 Ng4 16. Nxg4 Bxg4 17. f5 f6 18. a5 Nd7 19. Nd5 Rc8 20. Rfc1 Be2 21. Kf2 Bd3 22. Ra3 Kf7 23. Rac3 Nc5 24. Nb6 Rc6 25. Ke3 Rd8 26. Nxc4 Bxc4 27. Rxc4 Nb3 28. Rxc6 bxc6 29. Rxc6 Nxa5 30. Rc7+ Kf8 31. b4 Nb3 32. Bf1 Rb8 33. Bc4 Rxb4 34. Rf7+ Ke8 35. Bd5 Nd4 36. Rxg7 a5 37. Rxh7 a4 38. Ra7 Rb2 39. h4 Re2+ 40. Kd3 Rg2 41. h5 Rxg3+ 42. Kc4 Rh3 43. Bf7+ Kf8 44. Bg6 a3 45. Kd5 Ne2 46. Ke6 Nf4+ 47. Kxf6 1-0

[Event "*** Titled Tuesday 3|2 Blitz (Early)"]
[Site "Chess.com"]
[Date "2017.01.03"]
[Round "5"]
[White "jb2mix"]
[Black "boredoldman"]
[Result "1-0"]
[WhiteElo "2435"]
[BlackElo "2494"]
[TimeControl "180+2"]
[EndTime "12:02:20 PST"]
[Termination "jb2mix won on time"]

1. e4 c5 2. Nf3 d6 3. Bb5+ Bd7 4.
Bxd7+ Qxd7 5. O-O Nf6 6. Qe2 Nc6 7. Rd1 e6 8. d4 cxd4 9. Nxd4 Be7 10. c4 O-O 11. Nc3 Nxd4 12. Rxd4 Qc6 13. b3 Rfc8 14. a4 a6 15. Ba3 Nd7 16. Rdd1 Nc5 17. Qc2 Bf6 18. f3 Nxb3 19. Qxb3 Qxc4 20. Qxc4 Rxc4 21.
Bb2 Bxc3 22. Bxc3 Rxc3 23. Rxd6 Rc7 24. h4 g6 25. Rb1 Rb8 26. Rxa6 bxa6 27. Rxb8+ Kg7 28.
Rb6 Ra7 29. a5 Kf6 30. Kf2 Ke5 31. Ke3 h6 32. g4 g5 33. h5 Kf6 34. Kd4 Ke7 35.
e5 Rd7+ 36. Kc4 Rc7+ 37. Kb4 Ra7 38. Kc5 Kd7 39. Rc6 Rc7 40. Rxc7+ Kxc7 41. Kd4 Kd7 42. f4 gxf4 43. g5 Ke7 44. gxh6 Kf8 45. Ke4 Kg8 46. Kxf4 Kh8 47. Kg5 Kh7 48. Kf6 Kxh6 49. Kxf7 Kxh5 50. Kxe6 Kg6 51. Kd7 1-0

[Event "*** Titled Tuesday 3|2 Blitz (Early)"]
[Site "Chess.com"]
[Date "2017.01.03"]
[Round "5"]
[White "roldieyi"]
[Black "LonesomeGeorge1"]
[Result "1-0"]
[WhiteElo "2168"]
[BlackElo "2167"]
[TimeControl "180+2"]
[EndTime "12:02:25 PST"]
[Termination "roldieyi won on time"]

1. d4 Nf6 2. Nf3 g6 3. g3 Bg7 4.
Bg2 O-O 5. O-O d6 6. a4 a5 7. c3 Nc6 8. Qb3 e5 9. d5 Ne7 10. c4 Nh5 11. e4 h6 12. Nc3 f5 13. c5 f4 14. Nb5 g5 15. Rd1 Ng6 16. Bd2 Rf7 17. Rac1 Bf8 18. cxd6 Bxd6 19. Nxd6 cxd6 20. Qb5 Bg4 21. Rc3 Qf8 22. Qe2 fxg3 23. hxg3 Nhf4 24. gxf4 Nxf4 25. Bxf4 Rxf4 26. Rdd3 Rc8 27. Rxc8 Qxc8 28. Qd2 Rxe4 29. Nh2 Rxa4 30. Rc3 Qf5 31. Qc2 Ra1+ 32. Nf1 Qxc2 33. Rxc2 b5 34. Kh2 b4 35.
Ne3 Bd7 36. Rc7 Be8 37. Nf5 a4 38. Nxd6 Bg6 39. Bh3 a3 40. bxa3 b3 41. Be6+ Kf8 42.
Nc4 Ra2 43. Kg3 Rc2 44. d6 1-0